cohdb
Replays
Latest Replays
All Replays
Popular Replays
Top Player Replays
Match Explorer
How It Works
Community
CoH3 Stats
Reddit
Sign in to upload your games and track your stats! →
Sign in with Steam
Match 39221026
Unlisted
Match 39221026
Overview
Messages
Build Orders
End
Kradschützen Motorcycle Team
Panzergrenadier Squad
Selects Battlefield Espionage Battlegroup
Panzergrenadier Squad
Panzergrenadier Squad
Panzergrenadier Squad
Construct Light Support Kompanie
Selects Intel Disruption Beacon
Construct Mechanized Kompanie
Panzerpioneer Squad
AI Takeover
Maddino il Blasfemo
Baionetto
BIOHAZARD
[LoB]Fagio
0
0
Comments
sign in to comment!
No comments posted yet!